 Dungeon Crawl Stone Soup version 0.17.1-1-g73c8601 (webtiles) character file.

329 Peloso the Shield-Bearer (level 6, -7/53 HPs)
             Began as a Minotaur Fighter on Dec 26, 2015.
             Killed by divine providence
             ... invoked by an orc priest
              (12 damage)
             ... on level 4 of the Dungeon.
             The game lasted 00:10:49 (2714 turns).

Peloso the Shield-Bearer (Minotaur Fighter)         Turns: 2714, Time: 00:10:50

Health: -7/53      AC: 19    Str: 25    XL:     6   Next: 25%
Magic:  5/5        EV:  7    Int:  5    God:
Gold:   180        SH: 10    Dex: 11    Spells: 0 memorised, 5 levels left

rFire  . . .     SeeInvis .     a - +0 long sword
rCold  . . .     Clarity  .     v - +5 chain mail of Okawaru's Hope {Str+4}
rNeg   + . .     SustAt   .     c - +0 shield
rPois  .         Gourm    .     (helmet restricted)
rElec  .         Spirit   .     q - +0 cloak
rCorr  .         Warding  .     (no gloves)
rMut   .         Stasis   .     (no boots)
MR     .....                    (no amulet)
Stlth  ..........               l - +3 ring of protection
                                r - ring of positive energy

@: not resistant to hostile enchantments, extremely unstealthy
A: retaliatory headbutt, horns 2
a: no special abilities


You were on level 4 of the Dungeon.
You were not hungry.

You visited 1 branch of the dungeon, and saw 4 of its levels.

You collected 180 gold pieces.

Inventory:

Hand Weapons
 a - a +0 long sword (weapon)
Armour
 b - a +0 scale mail
 c - a +0 shield (worn)
 q - a +0 cloak (worn)
 v - the +5 chain mail of Okawaru's Hope (worn) {Str+4}
   (You found it on level 4 of the Dungeon)

   It affects your strength (+4).
Jewellery
 f - an uncursed ring of stealth
 l - a +3 ring of protection (right hand)
 r - a ring of positive energy (left hand)
Wands
 u - a wand of magic darts (24)
Scrolls
 g - 6 scrolls of identify {unknown}
 i - 4 scrolls of amnesia {unknown}
 k - 2 scrolls of magic mapping {unknown}
 o - 2 scrolls of teleportation {unknown}
 p - a scroll of immolation {unknown}
Potions
 d - 3 potions of might
 j - a potion of agility {unknown}
 n - a potion of brilliance {unknown}
 s - a potion of magic {unknown}
 t - a potion of berserk rage {unknown}
Comestibles
 e - 3 bread rations
 h - 3 chunks of flesh
 m - 4 meat rations


   Skills:
 + Level 4.4 Fighting
 + Level 4.2 Long Blades
 + Level 5.0 Armour
 + Level 2.3 Dodging
 + Level 0.1 Stealth
 + Level 5.5 Shields


You had 5 spell levels left.
You didn't know any spells.

Dungeon Overview and Level Annotations

Branches:
Dungeon (4/15)
 Temple: D:4-7

Altars:
Elyvilon
Sif Muna
Vehumet
The Shining One


Innate Abilities, Weirdness & Mutations

You reflexively headbutt those who attack you in melee.
You have a pair of horns on your head.


Message History

You closely miss something. You headbutt something.
Something hits you but does no damage.
You hit something. You headbutt something. The orc hits you but does no damage.
You hear some strange, mumbled words.
A puff of flame appears from out of thin air!
The puff of flame hits you!
The orc priest calls down the wrath of Beogh upon you.
Something smites you!
* * * LOW HITPOINT WARNING * * *
The orc hits you but does no damage.
You barely miss something. Your headbutt misses something.
Something hits you but does no damage. You block the orc's attack.
You miss something. Your headbutt misses something.
The orc priest mumbles some strange prayers to Beogh against you.
Something smites you!
* * * LOW HITPOINT WARNING * * *
Something hits you but does no damage. The orc hits you but does no damage.
The orc priest mumbles some strange prayers to Beogh against you.
Something smites you!
You die...

#....#........#.
#.#...........#.
#.###....###....
#.##.........)#.
####.##.###.#.#....
..#.##.# #.#.#..## ..
#.#.##.# #.###..## ...
#.#.##.# #.......# %...
#@#.##.# #..##...#
....##.#.##.###..##...#
....!.oo......##..##...#
.###...o......##..##...#
#..........+........#
#..........#####....#
#..........#......###
#..........#.####.# #
#..........[# #.# #


You could see an orc priest and 2 orcs.

Vanquished Creatures
  2 orc wizards (D:3)
  Crazy Yiuf (D:2)
  Ijyb (D:2)
  Jessica (D:2)
  7 gnolls
  2 adders (D:2)
  An adder skeleton (D:4)
  3 worms
  7 orcs
  8 goblins
  8 hobgoblins
  6 kobolds
  A quokka (D:3)
  2 ball pythons
  13 bats
  4 giant cockroaches
  A giant gecko (D:1)
  7 giant newts
  7 jackals
  10 rats
92 creatures vanquished.

Notes
Turn   | Place    | Note
--------------------------------------------------------------
     0 | D:1      | Peloso the Minotaur Fighter began the quest for the Orb.
     0 | D:1      | Reached XP level 1. HP: 19/19 MP: 0/0
   157 | D:1      | Reached XP level 2. HP: 27/27 MP: 1/1
   167 | D:1      | Reached skill level 4 in Fighting
   779 | D:2      | Reached XP level 3. HP: 33/33 MP: 2/2
   793 | D:2      | Found a radiant altar of Vehumet.
   794 | D:2      | Noticed Ijyb
   808 | D:2      | Killed Ijyb
   843 | D:2      | Noticed Jessica
   856 | D:2      | Killed Jessica
   856 | D:2      | Reached XP level 4. HP: 40/40 MP: 3/3
  1019 | D:2      | Reached skill level 1 in Dodging
  1432 | D:2      | Noticed Crazy Yiuf
  1440 | D:2      | Killed Crazy Yiuf
  1440 | D:2      | Reached XP level 5. HP: 36/47 MP: 4/4
  1752 | D:3      | Reached skill level 5 in Shields
  1760 | D:3      | Found a faded altar to an unknown god.
  1863 | D:3      | Reached skill level 5 in Armour
  1871 | D:3      | Found a white marble altar of Elyvilon.
  1907 | D:3      | Reached XP level 6. HP: 31/53 MP: 5/5
  2455 | D:4      | Found a deep blue altar of Sif Muna.
  2486 | D:4      | Found a glowing golden altar of the Shining One.
  2633 | D:4      | Got a crude chain mail
  2644 | D:4      | Identified the +5 chain mail of Okawaru's Hope {Str+4} (You found it on level 4 of the Dungeon)
  2714 | D:4      | Killed from afar by an orc priest

Action                   |  1- 3 |  4- 6 || total
-------------------------+-------+-------++-------
Melee: Long sword        |    68 |   172 ||   240
 Stab: Invisible         |       |     1 ||     1
  Eat: Chunk             |       |     6 ||     6
